 Dungeon Crawl Stone Soup version 0.30-a0-1114-gd936c97349 (webtiles) character file.

Game seed: 10281115596562011460

85 gelatine the Stinger (level 4, 0/48 HPs)
             Began as a Demonspawn Venom Mage on Apr 20, 2023.
             Was an Initiate of Sif Muna.
             Slain by Ijyb
             ... wielding a +0 club
              (5 damage)
             ... on level 3 of the Dungeon.
             The game lasted 00:05:37 (2261 turns).

gelatine the Stinger (Demonspawn Venom Mage)        Turns: 2261, Time: 00:05:37

Health: 0/48       AC:  6    Str:  2 (4)  XL:     4   Next: 25%
Magic:  6/7        EV: 10    Int: 23 (24) God:    Sif Muna [......]
Gold:   79         SH:  4    Dex: 12 (14) Spells: 5/8 levels left

rFire   + . .      SeeInvis +    n - +0 short sword
rCold   + . .      Faith    .    (no shield)
rNeg    . . .      Spirit   .    t - +3 leather armour "Daidiaso" {rPois Str-4 Int+6 SInv}
rPois   +          Reflect  .    (no helmet)
rElec   +          Rampage  .    (no cloak)
rCorr   +                        (no gloves)
Will    .....                    (no boots) Stlth
                                 (no amulet)
HPRegen 0.28/turn                (no ring)
MPRegen 0.10/turn                (no ring)

@: berserking, resistant, very quick
A: large bone plates 1
a: Renounce Religion


You were on level 3 of the Dungeon.
You worshipped Sif Muna.
Sif Muna was noncommittal.
You visited 1 branch of the dungeon, and saw 3 of its levels.

You collected 79 gold pieces.

Inventory:

Hand Weapons
 f - a +0 flail
 n - a +0 short sword (weapon)
 r - a +0 war axe
Armour
 a - a +0 robe
 t - the +3 leather armour "Daidiaso" (worn) {rPois Str-4 Int+6 SInv}
   (You found it on level 3 of the Dungeon)

   Str:       It affects your strength (-4).
   Int:       It affects your intelligence (+6).
   rPois:     It protects you from poison.
   SInv:      It lets you see invisible.
Scrolls
 d - 4 scrolls of identify {unknown}
 g - a scroll of enchant weapon {unknown}
 h - a scroll of noise {unknown}
 k - a scroll of silence {unknown}
 l - 2 scrolls of amnesia {unknown}
 o - a scroll of fog {unknown}
 p - 2 scrolls of teleportation {unknown}
Potions
 b - 2 potions of magic
 c - a potion of degeneration
 i - a potion of berserk rage
 j - a potion of lignification {unknown}
 m - a potion of mutation {unknown}
 q - a potion of attraction {unknown}
 s - a potion of curing {unknown}


   Skills:
 * Level 1.2 Fighting
 * Level 0.9 Armour
 * Level 1.9 Dodging
 * Level 2.4 Stealth
 * Level 2.6 Spellcasting
 * Level 1.3 Transmutations
 + Level 0.1 Air Magic
 * Level 3.5 Poison Magic


You had 5 spell levels left.
You knew the following spells:

 Your Spells              Type           Power      Damage    Failure   Level
a - Sting                 Tmut/Pois      56%        1d5       10%         1
b - Poisonous Vapours     Pois/Air       22%        N/A       19%         2

Your spell library contained the following spells:

 Spells                   Type           Power      Damage    Failure   Level
 Magic Dart               Conj           12%        1d3       26%         1
 Call Imp                 Summ           6%         N/A       38%         2
 Mephitic Cloud           Conj/Pois/Air  8%         N/A       43%         3
 Olgreb's Toxic Radiance  Pois           19%        N/A       54%         4


Dungeon Overview and Level Annotations

Branches:
Dungeon (3/15)

Altars:
Kikubaaqudgha
Sif Muna

Annotations:
D:3 Ijyb


Innate Abilities, Weirdness & Mutations

You are partially covered in large bone plates. (SH +4)


Message History

There was something very wrong with that liquid.
You feel weakened.
You feel dopey.
You feel clumsy. The jackal bites you.
* * * LOW HITPOINT WARNING * * *
The jackal barely misses you. Ijyb misses you.
It was a potion of resistance.
You feel protected.
The jackal bites you but does no damage.
The jackal closely misses you. Ijyb hits you with a +0 club.
* * * LOW HITPOINT WARNING * * *
The jackal bites you but does no damage. x2
It was a potion of berserk rage.
A red film seems to cover your vision as you go berserk!
You feel yourself moving faster!
You feel mighty! The jackal barely misses you. x2
Ijyb hits you with a +0 club.
* * * LOW HITPOINT WARNING * * *
You miss the jackal.
The jackal is almost dead.
The jackal closely misses you. The jackal bites you.
* * * LOW HITPOINT WARNING * * *
You barely miss Ijyb.
Ijyb is almost dead.
You feel less confused. Ijyb barely misses you.
The jackal bites you but does no damage.
The jackal bites you.
* * * LOW HITPOINT WARNING * * *
You closely miss the jackal.
The jackal is almost dead.
You block the jackal's attack.
The jackal bites you but does no damage.
Ijyb hits you but does no damage.
You hit the jackal.
You kill the jackal!
Sif Muna accepts your kill.
You barely miss Ijyb.
Ijyb is almost dead.
The jackal bites you but does no damage.
Ijyb hits you with a +0 club.
You die...

+...++................>#.###.#
#...##......##.##......#.# #.#
##......#....##.##.#....#.#
#.#
........#...)...##......#.#
#<#
........##########........#
### ).......# #......#.#
........# ######...##.#.#
......### ##........##.#.#
......# #....@....##.#.#
...###### #....gh......#.#
........# #.....###<...#.#
........## ####.... ....###
..)....... #.>...###.#
##........ #....... .#
##........ #.)..h.. #
###....... #....... #######...
#.....###


You could see Ijyb and a jackal.

Vanquished Creatures
  A hound (D:3)
  2 adders
  2 orcs (D:3)
  A ball python (D:1)
  2 giant cockroaches (D:1)
  4 goblins
  3 hobgoblins (D:3)
  A jackal (D:3)
  4 quokkas
  2 bats
  2 frilled lizards
  3 kobolds
  5 rats
32 creatures vanquished.

Notes
Turn   | Place    | Note
-------+----------+-------------------------------------------
     0 | D:1      | gelatine the Demonspawn Venom Mage began the quest for the
                  | Orb.
     0 | D:1      | Reached XP level 1. HP: 13/13 MP: 3/3
   224 | D:1      | Reached skill level 1 in Transmutations
   542 | D:1      | Gained mutation: You are partially covered in large bone
                  | plates. (SH +4) [demonic ancestry]
   542 | D:1      | Reached XP level 2. HP: 19/19 MP: 3/5
  1304 | D:2      | Found a faded altar of an unknown god.
  1344 | D:3      | Learned a level 2 spell: Poisonous Vapours
  1489 | D:3      | Reached XP level 3. HP: 25/25 MP: 3/6
  1664 | D:3      | Found a shimmering blue altar of Sif Muna.
  1705 | D:3      | Reached skill level 1 in Fighting
  1720 | D:3      | Became a worshipper of Sif Muna the Loreminder
  1774 | D:3      | Found an ancient bone altar of Kikubaaqudgha.
  1824 | D:3      | Reached XP level 4. HP: 32/32 MP: 1/7
  2178 | D:3      | Identified the +3 leather armour "Daidiaso" {rPois Str-4
                  | Int+6 SInv}
  2226 | D:3      | Noticed Ijyb
  2261 | D:3      | Slain by Ijyb

Illustrated notes

Levels and vault maps discovered:
D:1:      dpeg_arrival_pond, layout_loops_cross
D:2:      layout_basic, dilly_ecumenical_altar_fadedgnrine,
          mrwooster_statue_mirror
D:3:      layout_basic, mainiacjoe_overflow_surrounded_room,
          mainiacjoe_overflow_six_doors_small, chequers_serial_rivers_micro_d,
          uniq_ijyb

Skill      XL: |  1  2  3 |
---------------+----------+-----
Transmutations | 1 |  1.3
Stealth        | 2 |  2.4
Fighting       | 1 |  1.2
Armour         | |  0.9
Dodging        | |  1.9
Spellcasting   | |  2.6
Air Magic      | |  0.1
Poison Magic   | |  3.5

Action                     |  1- 3 |  4- 6 || total
---------------------------+-------+-------++-------
  Melee: Flail             |     4 |       ||     4
         Short sword       |    15 |    28 ||    43
   Cast: Sting             |    38 |     5 ||    43
         Poisonous Vapours |     9 |     7 ||    16
    Use: Potion            |       |     3 ||     3
 Armour: Robe              |     4 |       ||     4
         Leather armour    |       |    24 ||    24
  Dodge: Dodged            |    21 |    44 ||    65
  Block: Other             |     4 |     5 ||     9

Table legend: (Time is in decaauts)
 A = Elapsed time spent in this place.
 B = Non-inter-level travel time spent in this place.
 C = Inter-level travel time spent in this place.
 D = Time resting spent in this place.
 E = Time spent auto-exploring this place.
 F = Levels seen in this place.
 G = Mean time per level.
                   A        B        C        D        E       F      G
               +--------+--------+--------+--------+--------+-----+--------+
         Total |   2259 |   2191 |     68 |      0 |   1874 |   3 |  753.0 |
       Dungeon |   2259 |   2191 |     68 |      0 |   1874 |   3 |  753.0 |
               +--------+--------+--------+--------+--------+-----+--------+

Top non-repeatable levels by time:
     D:3: 924 daAuts
     D:1: 728 daAuts
     D:2: 607 daAuts
